 Dungeon Crawl Stone Soup version 0.20.1-1-g8b1a95d (webtiles) character file.

133 Monsterracer the Slasher (level 4, -2/40 HPs)
             Began as a Minotaur Gladiator on July 10, 2017.
             Slain by a gnoll
             ... wielding a +0 spear
              (9 damage)
             ... on level 2 of the Dungeon.
             The game lasted 00:12:41 (5500 turns).

Monsterracer the Slasher (Minotaur Gladiator)       Turns: 5500, Time: 00:12:42

Health: -2/40      AC:  2    Str: 18    XL:     4   Next: 94%
Magic:  3/3        EV: 14    Int:  5    God:
Gold:   114        SH:  0    Dex: 13    Spells: 3/3 levels left

rFire    . . .     SeeInvis +   a - +0 long sword
rCold    . . .     Gourm    .   (no shield)
rNeg     . . .     Faith    .   q - +0 robe
rPois    .         Spirit   .   c - +0 hat
rElec    .         Reflect  .   (no cloak)
rCorr    .         Harm     .   (no gloves)
MR       .....                  (no boots)
Stlth    +.........             m - amulet of rage
Regen    0.2/turn               k - ring of see invisible
MPRegen  0.1/turn               (no ring)

@: no status effects
A: retaliatory headbutt, horns 2
a: Evoke Berserk Rage


You were on level 2 of the Dungeon.
You were very hungry.

You visited 1 branch of the dungeon, and saw 3 of its levels.

You collected 114 gold pieces.

Inventory:

Hand Weapons
 a - a +0 long sword (weapon)
Missiles
 d - 3 throwing nets (quivered)
Armour
 c - a +0 hat (worn)
 q - a +0 robe (worn)
Jewellery
 k - a ring of see invisible (left hand)
 m - an amulet of rage (around neck)
Scrolls
 e - 5 scrolls of identify {unknown}
 h - 2 scrolls of fear {unknown}
 j - a scroll of immolation {unknown}
 n - a scroll of recharging {unknown}
 p - a scroll of remove curse {unknown}
 t - a scroll of teleportation {unknown}
Potions
 b - a potion of heal wounds {unknown}
 i - a potion of lignification {unknown}
 l - a potion of agility {unknown}
 o - 3 potions of curing {unknown}
 r - a potion of magic {unknown}
 s - 2 potions of flight {unknown}
Comestibles
 f - 2 bread rations
 g - 2 royal jellies


   Skills:
 + Level 3.8 Fighting
 + Level 5.0 Long Blades
 - Level 2.0 Throwing
 + Level 4.5 Dodging


You had 3 spell levels left.
You didn't know any spells.

Dungeon Overview and Level Annotations

Branches:
Dungeon (3/15)

Altars:


Innate Abilities, Weirdness & Mutations

You reflexively headbutt those who attack you in melee.
You have a pair of horns on your head.


Message History

* * * LOW HITPOINT WARNING * * *
Huge Dmg: -18%(-7hp) hp: 40%(16hp)
The gnoll barely misses you. The gnoll misses you.
The gnoll hits you with a spear.
* * * LOW HITPOINT WARNING * * *
Huge Dmg: -15%(-6hp) hp: 25%(10hp)
Okay, then.
The gnoll barely misses you. The gnoll misses you.
You see here 15 stones.
You see here 2 stones.
You see here a club.
You see here a whip.
The gnoll hits you from afar with a spear!
* * * LOW HITPOINT WARNING * * *
There is a stone staircase leading up, spattered with blood here.
Huge Dmg: -22%(-9hp) hp: 18%(7hp)
The gnoll hits you from afar with a spear!
You die...

### ### ##############.# #.#####
...............# #......
##############.# #.#####
#.......#.# #.#.#
######.#####.#.############.#.#
.....#.#####.#..@)............#
#....#.##....#......#######.#.#
.....#.##.####..g...# #.#.#
.....#.##.## #.)....# #.#.#
..)..#.##.(###.########## #.#.#
...........(..>....)....# #.#.#
#....#.##..#########....# #.#.###
#....#..................# #.#....
#........#.#########....###......


You could see a gnoll.

Vanquished Creatures
  Jessica (D:2)
  3 gnolls
  2 worms
  A leopard gecko (D:2)
  An orc (D:3)
  10 bats
  3 giant cockroaches (D:2)
  8 hobgoblins
  A jackal (D:1)
  11 kobolds
  A quokka (D:2)
  5 frilled lizards
  17 goblins
  4 rats
68 creatures vanquished.

Notes
Turn   | Place    | Note
-------+----------+-------------------------------------------
     0 | D:1      | Monsterracer the Minotaur Gladiator began the quest for the Orb.
     0 | D:1      | Reached XP level 1. HP: 18/18 MP: 0/0
   289 | D:1      | Reached XP level 2. HP: 25/25 MP: 1/1
   905 | D:1      | Reached skill level 4 in Long Blades
  1395 | D:2      | Reached XP level 3. HP: 7/31 MP: 2/2
  1833 | D:2      | Noticed Jessica
  1860 | D:2      | Killed Jessica
  1981 | D:2      | Reached XP level 4. HP: 30/38 MP: 3/3
  4475 | D:2      | Reached skill level 5 in Long Blades
  5500 | D:2      | Slain by a gnoll

Skill      XL: |  1  2  3  4 |
---------------+-------------+-----
Long Blades    | 4 5 |  5.0
Fighting       | 3 |  3.8
Dodging        | 4 |  4.5
Throwing       | |  2.0

Action                   |  1- 3 |  4- 6 || total
-------------------------+-------+-------++-------
Melee: Headbutt          |     8 |     9 ||    17
  Eat: Chunk             |     3 |     5 ||     8
       Bread ration      |       |     1 ||     1
Armor: Leather armour    |    38 |       ||    38
       Robe              |     1 |    16 ||    17
Dodge: Dodged            |   117 |   126 ||   243
       Rpst.: Long sword |    37 |    46 ||    83
